 Dungeon Crawl Stone Soup version 0.30.1-3-gfc49f6343a (webtiles) character file.

Game seed: 12094743122202905353

9 spardeous the Conjurer (level 1, -1/14 HPs)
             Began as a Demigod Conjurer on July 29, 2023.
             Slain by an orc
             ... wielding a +0 mace
              (6 damage)
             ... on level 2 of the Dungeon.
             The game lasted 00:00:20 (304 turns).

spardeous the Conjurer (Demigod Conjurer)            Turns: 304, Time: 00:00:21

Health: -1/14      AC:  2    Str:  8    XL:     1   Next: 86%
Magic:  0/5        EV: 12    Int: 20    God:
Gold:   16         SH:  0    Dex: 12    Spells: 2/3 levels left

rFire   . . .        (no weapon)
rCold   . . .        (no shield)
rNeg    . . .        a - +0 robe
rPois   .            (no helmet)
rElec   .            (no cloak)
rCorr   .            (no gloves)
SInv    .            (no boots)
Will    .....        (no amulet)
Stlth   ++           (no ring)
HPRegen 0.22/turn    (no ring)
MPRegen 0.09/turn

%: no passive effects
@: no status effects
A: high MP 1, forlorn, divine attributes
a: no special abilities


You were on level 2 of the Dungeon.
You visited 1 branch of the dungeon, and saw 2 of its levels.

You collected 16 gold pieces.

Inventory:

Armour
 a - a +0 robe (worn)
Potions
 b - a potion of magic


   Skills:
 - Level 1.7 Dodging
 - Level 1.7 Stealth
 - Level 1.7 Spellcasting
 + Level 4.1 Conjurations


You had 2 spell levels left.
You knew the following spells:

 Your Spells              Type           Power      Damage    Failure   Level
a - Magic Dart            Conj           72%        1d6       3%          1

Your spell library contained the following spells:

 Spells                   Type           Power      Damage    Failure   Level
 Searing Ray              Conj           36%        2d5       4%          2
 Dazzling Flash           Conj/Hex       18%        N/A       22%         3
 Fulminant Prism          Conj/Hex       4%         3d5       56%         4
 Iskenderun's Mystic Bla  Conj/Tloc      9%         2d4       56%         4


Dungeon Overview and Level Annotations

Branches:
Dungeon (1/15)

Shops:
D:1 !   D:2 [


Innate Abilities, Weirdness & Mutations

You have an increased reservoir of magic. (+10% MP)
You shall have no god before yourself.
Your divine heritage dramatically boosts your attributes as you level up.


Message History

The orc is heavily wounded.
An orc comes into view. It is wielding a +0 mace.
You now have 3/5 mp.
There are monsters nearby!
Casting: Magic Dart (safe; 3% risk of failure)
Confirm with . or Enter, or press ? or * to list all spells.
Aiming: Magic Dart (safe; 3% risk of failure)
Press: ? - help, Shift-Dir - straight line, f/p - orc
Aim: an orc, wielding a +0 mace and wearing a +0 ring mail (heavily wounded, 100% to hit)
The magic dart hits the orc but does no damage.
The orc is heavily wounded.
The orc shouts!
You now have 2/5 mp.
An orc is nearby!
Casting: Magic Dart (safe; 3% risk of failure)
Confirm with . or Enter, or press ? or * to list all spells.
Aiming: Magic Dart (safe; 3% risk of failure)
Press: ? - help, Shift-Dir - straight line, f/p - orc
Aim: an orc, wielding a +0 mace and wearing a +0 ring mail (heavily wounded, 100% to hit)
The magic dart hits the orc but does no damage.
The orc is heavily wounded.
An orc comes into view. It is wielding a +0 hand axe.
You now have 1/5 mp.
There are monsters nearby!
Casting: Magic Dart (safe; 3% risk of failure)
Confirm with . or Enter, or press ? or * to list all spells.
Aiming: Magic Dart (safe; 3% risk of failure)
Press: ? - help, Shift-Dir - straight line, f/p - orc
Aim: an orc, wielding a +0 mace and wearing a +0 ring mail (heavily wounded, 100% to hit)
The magic dart hits the orc but does no damage.
The orc is heavily wounded.
The orc shouts!
You now have 0/5 mp.
The orc attacks as you move away! The orc hits you with a +0 mace.
You take 4 damage, and have 10/14 hp.
MASSIVE DAMAGE!!
The orc attacks as you move away! The orc hits you with a +0 mace.
* * * LOW HITPOINT WARNING * * *
You take 5 damage, and have 5/14 hp.
MASSIVE DAMAGE!!
The orc attacks as you move away! The orc hits you with a +0 mace.
You die...

###o #...##
######
#.....#.....
#....#.#..#
#...#...#.#
#..#..∩..#
#..#...#.#
##..#o#..#
#..@#...#
###...###
#..## ....
.#+## .. ..
...


You could see an orc.

Vanquished Creatures
  A bat (D:1)
  3 endoplasms
  A kobold (D:1)
  A ball python (D:1)
  2 rats (D:1)
8 creatures vanquished.

Notes
Turn   | Place    | Note
-------+----------+-------------------------------------------
     0 | D:1      | spardeous the Demigod Conjurer began the quest for the Orb.
     0 | D:1      | Reached XP level 1. HP: 14/14 MP: 5/5
    27 | D:1      | Found Tediqo's Distillery.
   193 | D:1      | Reached skill level 4 in Conjurations
   246 | D:1      | You fall into a shaft and drop 1 floor!
   246 | D:2      | Found Jycaff's Antique Armour Emporium.
   304 | D:2      | Slain by an orc

Illustrated notes

Levels and vault maps discovered:
D:1:      elethiomel_arrival_quiet, layout_basic, serial_shops, shop,
          grunt_decor_fettered
D:2:      layout_basic, ebering_ecumenical_altar_hall, serial_shops, shop,
          nicolae_lakefront_shop, nicolae_diamond_shop,
          nicolae_shop_just_a_little_nook, shop, uniq_natasha

Skill      XL: |  1 |
---------------+----+-----
Conjurations   | 4 |  4.1
Dodging        | |  1.7
Stealth        | |  1.7
Spellcasting   | |  1.7

Action                     || total
---------------------------++-------
  Melee: Unarmed           ||     1
   Cast: Magic Dart        ||    23
 Armour: Robe              ||     1
